[Event "2nd Late Dr Abul K C Chess-ch B 2022"]
[Site "Dhaka"]
[Date "2022.07.03"]
[Round "1.1"]
[White "Sagor"]
[Black "Israt, Jahan Diba"]
[Result "0-1"]
[ECO "B76"]
[WhiteElo "1997"]
[BlackElo "1659"]
[Annotator "NA RC"]
[PlyCount "29"]
[EventDate "2022.07.03"]
[EventCountry "BAN"]
[SourceTitle "playchess.com"]
[Source "ChessBase"]
[SourceQuality "1"]
[TimeControl "5400+30"]

1. e4 c5 2. Nf3 d6 3. d4 cxd4 4. Nxd4 Nf6 5. Nc3 g6 6. Be3 Bg7 7. f3 O-O 8. Qd2 Nc6 9. O-O-O d5 10. Qe1 e5 11. Nxc6 bxc6 12. exd5 cxd5 13. Bg5 Be6 14. Bc4 Qa5 15. Bxf6 0-1

[Event "2nd Late Dr Abul K C Chess-ch B 2022"]
[Site "Dhaka"]
[Date "2022.07.03"]
[Round "1.2"]
[White "Moniruzzaman, Masud"]
[Black "Rahman, Saimon Siddiqur"]
[Result "0-1"]
[ECO "C00"]
[WhiteElo "1658"]
[BlackElo "1983"]
[Annotator "NA RC"]
[PlyCount "128"]
[EventDate "2022.07.03"]
[EventCountry "BAN"]
[SourceTitle "playchess.com"]
[Source "ChessBase"]
[SourceQuality "1"]
[TimeControl "5400+30"]

1. e4 e6 2. Nf3 d5 3. Nc3 d4 4. Ne2 c5 5. Ng3 Nc6 6. Bc4 Na5 7. Be2 Bd7 8. d3 Nc6 9. Nd2 Qc7 10. a4 g6 11. Nc4 e5 12. O-O O-O-O 13. f4 f6 14. fxe5 fxe5 15. Rf7 h5 16. a5 Nh6 17. Bxh6 Bxh6 18. Rf6 Rdg8 19. c3 Bg5 20. Rf7 Rf8 21. Rxf8+ Rxf8 22. Nf1 Be6 23. Nfd2 Qe7 24. Qa4 Bd7 25. Nf3 Be3+ 26. Nxe3 dxe3 27. Qc2 g5 28. Rf1 g4 29. Ne1 Rxf1+ 30. Bxf1 Qg5 31. Qe2 Nxa5 32. Nc2 Nb3 33. Nxe3 a5 34. Qe1 a4 35. Nc4 b5 36. Ne3 Kb7 37. g3 Qf6 38. Bg2 Bc6 39. Nf5 Qd8 40. Bf1 Qg5 41. Ne3 Qf6 42. Bg2 Qd8 43. Bf1 Qf8 44. Bg2 Qd6 45. Bf1 Bd7 46. Nc2 Kb6 47. Qe3 Ka5 48. Kf2 Qf6+ 49. Kg2 Qf3+ 50. Qxf3 gxf3+ 51. Kxf3 Nd2+ 52. Ke2 Nxf1 53. Kxf1 b4 54. Ke2 a3 55. Nxa3 bxa3 56. bxa3 Ka4 57. Ke3 Kb3 58. Kd2 c4 59. d4 exd4 60. cxd4 Kb2 61. d5 c3+ 62. Kd3 c2 63. e5 Bb5+ 64. Kd4 c1=Q 0-1

[Event "2nd Late Dr Abul K C Chess-ch B 2022"]
[Site "Dhaka"]
[Date "2022.07.03"]
[Round "1.3"]
[White "Sakline Mostafa, Sajid"]
[Black "Md Masud, Rana"]
[Result "1/2-1/2"]
[ECO "D38"]
[WhiteElo "1979"]
[BlackElo "1826"]
[Annotator "NA RC"]
[PlyCount "41"]
[EventDate "2022.07.03"]
[EventCountry "BAN"]
[SourceTitle "playchess.com"]
[Source "ChessBase"]
[SourceQuality "1"]
[TimeControl "5400+30"]

1. d4 Nf6 2. c4 e6 3. Nf3 d5 4. Nc3 Bb4 5. cxd5 exd5 6. Bg5 h6 7. Bxf6 Qxf6 8. Qb3 Qd6 9. a3 Bxc3+ 10. Qxc3 O-O 11. e3 Bf5 12. Be2 Nd7 13. O-O Rfe8 14. Rfc1 c6 15. b4 Rac8 16. Qb2 g5 17. a4 Be4 18. Nd2 Bg6 19. b5 c5 20. dxc5 Nxc5 21. Nf3 1/2-1/2

[Event "2nd Late Dr Abul K C Chess-ch B 2022"]
[Site "Dhaka"]
[Date "2022.07.03"]
[Round "2.1"]
[White "Rahman, Saimon Siddiqur"]
[Black "Gulam, Sarwar"]
[Result "1-0"]
[ECO "C13"]
[WhiteElo "1983"]
[BlackElo "1796"]
[Annotator "RC"]
[PlyCount "78"]
[EventDate "2022.07.03"]
[EventCountry "BAN"]
[SourceTitle "playchess.com"]
[Source "ChessBase"]
[SourceQuality "1"]
[TimeControl "5400+30"]

1. d4 Nf6 2. Nc3 d5 3. Bg5 e6 4. e4 dxe4 5. Nxe4 Be7 6. Bxf6 Bxf6 7. Nxf6+ Qxf6 8. Nf3 O-O 9. Bd3 Nc6 10. O-O e5 11. d5 Nd4 12. Nxd4 exd4 13. Be4 c6 14. dxc6 bxc6 15. Qd3 Rb8 16. Bxh7+ Kh8 17. Be4 Rxb2 18. Qa3 Re8 19. Qxb2 Rxe4 20. Qb8 Qe6 21. Qxa7 Rg4 22. Qb8 Re4 23. a4 Kh7 24. Qg3 f5 25. Qh3+ Kg6 26. Qb3 Qe7 27. Qb6 Kh7 28. a5 c5 29. a6 Re6 30. Qb5 Qa7 31. Rfe1 Rg6 32. Ra3 f4 33. Qe8 Bd7 34. Qe4 Kh6 35. Qxf4+ Kh7 36. Qe4 Kh6 37. Qb7 Qxb7 38. axb7 Rb6 39. Rb3 Rg6 1-0

[Event "2nd Late Dr Abul K C Chess-ch B 2022"]
[Site "Dhaka"]
[Date "2022.07.03"]
[Round "2.2"]
[White "Abu Jafor, Siddik"]
[Black "Sakline Mostafa, Sajid"]
[Result "0-1"]
[ECO "B15"]
[WhiteElo "1783"]
[BlackElo "1979"]
[Annotator "NA RC"]
[PlyCount "33"]
[EventDate "2022.07.03"]
[EventCountry "BAN"]
[SourceTitle "playchess.com"]
[Source "ChessBase"]
[SourceQuality "1"]
[TimeControl "5400+30"]

1. e4 c6 2. d4 d5 3. Nc3 a6 4. Nf3 Bg4 5. Be2 e6 6. Be3 Nf6 7. e5 Nfd7 8. h3 Bxf3 9. Bxf3 c5 10. Ne2 cxd4 11. Bxd4 Nc6 12. g3 Ndxe5 13. Bg2 Nxd4 14. Nxd4 Bc5 15. Nb3 Bb6 16. O-O O-O 17. Qe2 0-1

[Event "2nd Late Dr Abul K C Chess-ch B 2022"]
[Site "Dhaka"]
[Date "2022.07.03"]
[Round "3.1"]
[White "Salim Mohammed, Salim Al Amri"]
[Black "Rahman, Saimon Siddiqur"]
[Result "1-0"]
[ECO "A50"]
[WhiteElo "1917"]
[BlackElo "1983"]
[Annotator "RC"]
[PlyCount "205"]
[EventDate "2022.07.03"]
[EventCountry "BAN"]
[SourceTitle "playchess.com"]
[Source "ChessBase"]
[SourceQuality "1"]
[TimeControl "5400+30"]

1. c4 b6 2. Nf3 Bb7 3. g3 g6 4. Bg2 Bg7 5. O-O Nf6 6. Nc3 d6 7. d4 Nbd7 8. Qc2 O-O 9. b3 c5 10. d5 Re8 11. Bb2 a6 12. Rfe1 Rb8 13. a4 Qc7 14. Rad1 Rbd8 15. e4 Ng4 16. h3 Ngf6 17. Re2 e5 18. Bc1 h6 19. Nh2 Nh5 20. Be3 Kh7 21. Rf1 Bc8 22. Qc1 Nf8 23. g4 Nf4 24. Rc2 g5 25. Ne2 Nxe2+ 26. Rxe2 Ng6 27. Rfe1 Nf4 28. Rd2 Bd7 29. Nf1 b5 30. axb5 axb5 31. Ng3 Ra8 32. Nf5 Bf6 33. Qb2 Qa5 34. Bxf4 Bxf5 35. Be3 Bg6 36. Rde2 Reb8 37. Rc1 Qb4 38. Bd2 Qa3 39. Qxa3 Rxa3 40. Rc3 Bd8 41. Rce3 bxc4 42. bxc4 Ra4 43. Rc3 Rb2 44. Bf3 Ba5 45. Rd3 Bxd2 46. Rexd2 Rxd2 47. Rxd2 Rxc4 48. Ra2 Bxe4 49. Bxe4+ Rxe4 50. Ra6 Rd4 51. Rxd6 c4 52. Rc6 Rxd5 53. Rxc4 Kg6 54. Rc6+ f6 55. Rc7 Rd4 56. Kg2 Rd2 57. Rc6 Rd4 58. Kg3 Rd3+ 59. Kg2 Rd4 60. Kg3 Rf4 61. Ra6 h5 62. Re6 h4+ 63. Kg2 Kf7 64. Ra6 Ke7 65. Rb6 Rd4 66. Rb3 Ke6 67. Rb6+ Rd6 68. Rb3 Kd5 69. Rb4 e4 70. Rb5+ Kd4 71. Kf1 Kd3 72. Rb1 Rc6 73. Rd1+ Kc4 74. Ke2 Ra6 75. Ke3 Ra3+ 76. Kxe4 Rxh3 77. Rd4+ Kc5 78. Rd5+ Kc6 79. Rf5 Rh2 80. Rxf6+ Kd7 81. f3 Ra2 82. Rf5 Re2+ 83. Kd3 Re7 84. Rxg5 Rh7 85. Ke4 h3 86. Rd5+ Ke6 87. Rd1 h2 88. Rh1 Kf6 89. Kf4 Rh3 90. g5+ Kg6 91. Kg4 Rh8 92. f4 Kf7 93. Kg3 Ke6 94. Rxh2 Rf8 95. Re2+ Kd5 96. Kg4 Kd6 97. g6 Kd7 98. f5 Re8 99. Rh2 Ke7 100. Kg5 Rf8 101. Re2+ Kd7 102. g7 Ra8 103. Kg6 1-0

[Event "2nd Late Dr Abul K C Chess-ch B 2022"]
[Site "Dhaka"]
[Date "2022.07.03"]
[Round "3.2"]
[White "Sakline Mostafa, Sajid"]
[Black "Bappi, A.b."]
[Result "0-1"]
[ECO "D94"]
[WhiteElo "1979"]
[BlackElo "1839"]
[Annotator "RC"]
[PlyCount "138"]
[EventDate "2022.07.03"]
[EventCountry "BAN"]
[SourceTitle "playchess.com"]
[Source "ChessBase"]
[SourceQuality "1"]
[TimeControl "5400+30"]

1. d4 Nf6 2. c4 c6 3. Nc3 d5 4. e3 g6 5. Nf3 Bg7 6. Be2 O-O 7. O-O Re8 8. Qb3 Qb6 9. Bd2 Qxb3 10. axb3 Bg4 11. h3 Bxf3 12. Bxf3 e6 13. Rad1 Nbd7 14. Bc1 Bf8 15. g3 Nb6 16. Be2 e5 17. dxe5 Rxe5 18. cxd5 Nfxd5 19. Nxd5 Rxd5 20. e4 Re5 21. Bf3 Ree8 22. Be3 Rad8 23. Rxd8 Rxd8 24. Ra1 Nc8 25. Be2 a6 26. f4 Bb4 27. Kg2 Kg7 28. Kf3 Ne7 29. Rc1 f5 30. e5 h5 31. Rg1 b5 32. Ra1 a5 33. Rc1 Kf7 34. Kg2 Ke6 35. Kf3 Ra8 36. Bd1 Kf7 37. Ke2 Ke6 38. Bc2 Rd8 39. Bd3 Ra8 40. Bc2 Rd8 41. Rg1 Nd5 42. Bc1 Rh8 43. Kf3 Ne7 44. Ke2 Rd8 45. Bd3 Ra8 46. Bc2 Rd8 47. Rg2 Ra8 48. Be3 Rc8 49. Rg1 Nd5 50. Bc1 Ne7 51. Rd1 Ra8 52. Be3 Nd5 53. Bc1 a4 54. bxa4 bxa4 55. Rd3 Ra5 56. Kd1 Ra8 57. Ke2 Ra5 58. Kd1 Ra8 59. Bb1 Ke7 60. Ba2 Ra5 61. Rd4 Bc5 62. Rc4 Kd7 63. Ke2 a3 64. Bd2 Rb5 65. bxa3 Bxa3 66. Ra4 Bc5 67. Bc4 Rb2 68. Bxd5 cxd5 69. Ra5 Rxd2+ 0-1

[Event "2nd Late Dr Abul K C Chess-ch B 2022"]
[Site "Dhaka"]
[Date "2022.07.03"]
[Round "3.3"]
[White "Md Mutakabbir"]
[Black "Ahmed, Feroz"]
[Result "0-1"]
[ECO "C44"]
[WhiteElo "1834"]
[BlackElo "1976"]
[Annotator "RC"]
[PlyCount "43"]
[EventDate "2022.07.03"]
[EventCountry "BAN"]
[SourceTitle "playchess.com"]
[Source "ChessBase"]
[SourceQuality "1"]
[TimeControl "5400+30"]

1. e4 e5 2. Nf3 Nc6 3. d4 exd4 4. Bc4 Qf6 5. O-O d6 6. c3 Bg4 7. Qb3 Nge7 8. Nxd4 Nd8 9. Nb5 Kd7 10. Be3 a6 11. Nd4 c5 12. Nc2 Be6 13. Nd2 Nec6 14. Rad1 Kc7 15. Bxe6 Qxe6 16. c4 Be7 17. Bf4 g5 18. Bg3 h5 19. f4 h4 20. f5 Qh6 21. Bf2 Kb8 22. Ne3 0-1

[Event "2nd Late Dr Abul K C Chess-ch B 2022"]
[Site "Dhaka"]
[Date "2022.07.04"]
[Round "4.1"]
[White "Ahmed, Feroz"]
[Black "Sabujur, Rahman"]
[Result "1-0"]
[ECO "A13"]
[WhiteElo "1976"]
[BlackElo "1844"]
[Annotator "NA RC"]
[PlyCount "110"]
[EventDate "2022.07.03"]
[EventCountry "BAN"]
[SourceTitle "playchess.com"]
[Source "ChessBase"]
[SourceQuality "1"]
[TimeControl "5400+30"]

1. Nf3 Nf6 2. c4 e6 3. g3 c6 4. Bg2 d5 5. b3 Be7 6. Bb2 Nbd7 7. O-O Qc7 8. Nc3 O-O 9. Rc1 dxc4 10. bxc4 Rd8 11. d4 c5 12. d5 Qb6 13. Qc2 a6 14. e4 e5 15. Ne1 Ng4 16. h3 Nh6 17. f4 Qg6 18. Ne2 f6 19. Nf3 (19. a4 $16) 19... Bd6 20. f5 Qe8 21. Rb1 b5 22. Bc1 $14 b4 23. g4 Nf7 24. g5 Nh8 25. Kh1 Qf7 26. Rg1 Nb6 27. gxf6 gxf6 28. Bh6 Qh5 29. Qc1 Bf8 30. Be3 Qe8 31. Nh2 Nf7 32. Ng4 Nd7 33. Qe1 Kh8 34. Qh4 Qe7 35. Ng3 Nd6 36. Bf1 Bg7 37. Bd3 Rg8 38. Nh5 Bb7 39. Bh6 Bxh6 40. Nxh6 Rg5 41. Ng4 Rf8 42. Rg2 Ne8 43. Rbg1 Rfg8 44. Bc2 Rf8 45. Ba4 Bc8 46. Nh6 a5 47. Rxg5 fxg5 48. Rxg5 Qd6 49. Ng4 Nef6 50. Bxd7 Nxd7 51. Ng7 Rf7 52. Ne6 Nf6 53. Nxf6 Rxf6 54. Rg7 Rf8 55. Rg5 Qe7 1-0

[Event "2nd Late Dr Abul K C Chess-ch B 2022"]
[Site "Dhaka"]
[Date "2022.07.04"]
[Round "4.2"]
[White "ariful, Amin"]
[Black "Dewan, Riad"]
[Result "1-0"]
[ECO "B00"]
[WhiteElo "1868"]
[BlackElo "1970"]
[Annotator "NA RC"]
[PlyCount "111"]
[EventDate "2022.07.03"]
[EventCountry "BAN"]
[SourceTitle "playchess.com"]
[Source "ChessBase"]
[SourceQuality "1"]
[TimeControl "5400+30"]

1. e4 b6 2. d4 Bb7 3. Nc3 Nf6 4. e5 Ng8 5. Nf3 e6 6. Bd3 Bb4 7. O-O Ne7 (7... Be7 $142 8. h3 d5) 8. Ne4 Nf5 9. Bg5 Be7 10. Bxe7 Qxe7 11. Re1 Qb4 (11... d5 $14) 12. Neg5 (12. c4 $18) 12... h6 13. Nxf7 Kxf7 14. Bxf5 exf5 15. e6+ dxe6 16. Ne5+ Kg8 17. Ng6 Qd6 18. Qe2 Nd7 19. Nxh8 Kxh8 (19... Nf8 $19 20. Ng6 Nxg6 21. Qxe6+ Qxe6 22. Rxe6 Nf4) 20. Qxe6 Qxe6 21. Rxe6 Nf6 22. Rae1 Rd8 23. Re7 Rxd4 24. Rxc7 Bd5 $11 25. Rxa7 Rd2 26. Rc7 Be4 27. Rc1 Nh5 28. g3 Nf6 29. Kf1 Bf3 30. Rc3 Bd5 31. Ke1 Rd4 32. f3 Ra4 33. a3 Kh7 34. Rd1 Ra7 35. Rcd3 Re7+ 36. Kf2 Bb7 37. Rd6 Rc7 38. c3 Bc6 39. Re6 b5 40. Rdd6 Be8 41. Re5 Bd7 42. Ke3 Kg8 43. Kd4 Kf7 44. Rc5 Rb7 45. Ke3 Ke7 46. Rd2 Rb6 47. Kf2 Rd6 48. Re5+ Re6 49. Rxf5 Kd8 50. Rxb5 Kc7 51. Rb4 Re7 52. Rc4+ Kb6 53. Rd6+ Kb5 54. b3 Re5 55. Rc7 Re7 56. c4+ 1-0

[Event "2nd Late Dr Abul K C Chess-ch B 2022"]
[Site "Dhaka"]
[Date "2022.07.04"]
[Round "4.3"]
[White "Tutul, Dhar"]
[Black "Salim Mohammed, Salim Al Amri"]
[Result "1-0"]
[ECO "E09"]
[WhiteElo "1945"]
[BlackElo "1917"]
[Annotator "NA RC"]
[PlyCount "89"]
[EventDate "2022.07.03"]
[EventCountry "BAN"]
[SourceTitle "playchess.com"]
[Source "ChessBase"]
[SourceQuality "1"]
[TimeControl "5400+30"]

1. d4 Nf6 2. Nf3 e6 3. c4 c6 4. g3 d5 5. Bg2 Nbd7 6. O-O Be7 7. Qc2 O-O 8. Rd1 Re8 9. Nbd2 Nf8 10. e4 dxe4 11. Nxe4 Nxe4 12. Qxe4 Bf6 13. Bf4 a5 14. Be5 a4 15. b4 axb3 16. axb3 Rxa1 17. Rxa1 Bxe5 18. Nxe5 Nd7 19. Nf3 (19. Nxd7 $16 Qxd7 20. Qe5) 19... Qb6 20. Qe3 $16 h6 21. c5 Qc7 22. Nd2 Nf6 23. Nc4 Rd8 24. b4 Bd7 25. Qe5 Qb8 26. Qxb8 Rxb8 27. Ra7 Kf8 28. Nd6 b6 29. b5 bxc5 30. dxc5 cxb5 31. c6 Bxc6 32. Bxc6 b4 33. Rxf7+ Kg8 34. Rb7 Rd8 35. Ne4 Rd4 36. Nxf6+ gxf6 37. h4 f5 38. f4 Kf8 39. Ba4 Re4 40. Kf2 Rd4 41. Bb3 Re4 42. Rh7 e5 43. Rf7+ Ke8 44. Rxf5 exf4 45. Rxf4 1-0

[Event "2nd Late Dr Abul K C Chess-ch B 2022"]
[Site "Dhaka"]
[Date "2022.07.04"]
[Round "4.4"]
[White "Hasan, Sk. Rashedul"]
[Black "Md, Azmaeen Parvez Sayor"]
[Result "1/2-1/2"]
[ECO "B27"]
[WhiteElo "1856"]
[BlackElo "1924"]
[Annotator "NA RC"]
[PlyCount "51"]
[EventDate "2022.07.03"]
[EventCountry "BAN"]
[SourceTitle "playchess.com"]
[Source "ChessBase"]
[SourceQuality "1"]
[TimeControl "5400+30"]

1. e4 c5 2. c3 g6 3. Nf3 Bg7 4. d3 d5 5. Nbd2 Nc6 6. Be2 e5 {[%emt 0:00:54] has lost popularity (6...Nf6).} 7. O-O Nge7 8. Re1 O-O 9. Bf1 {[%emt 0:00:02] [#]} Qc7 $146 ({Predecessor:} 9... h6 10. a4 Be6 11. b3 b6 12. Ba3 a5 13. g3 g5 14. h4 g4 15. Nh2 h5 {0-1 (30) Haque,R (2080)-Reefat,B (2435) Dhaka 2017}) 10. a3 a5 11. b3 h6 12. Qc2 Be6 13. Bb2 f5 14. g3 g5 15. Bg2 Rae8 16. b4 c4 17. exd5 cxd3 18. Qb3 Bxd5 19. c4 $19 Bxf3 20. Nxf3 e4 21. c5+ Kh7 22. Bxg7 Kxg7 23. Qc3+ Kh7 24. Nd2 axb4 25. axb4 Nd5 26. Qc4 1/2-1/2

[Event "2nd Late Dr Abul K C Chess-ch B 2022"]
[Site "Dhaka"]
[Date "2022.07.05"]
[Round "5.1"]
[White "Sajidul, Haque"]
[Black "Ahmed, Feroz"]
[Result "1-0"]
[ECO "B28"]
[WhiteElo "1875"]
[BlackElo "1976"]
[Annotator "TA"]
[PlyCount "73"]
[EventDate "2022.07.03"]
[EventCountry "BAN"]
[SourceTitle "playchess.com"]
[Source "ChessBase"]
[SourceQuality "1"]
[TimeControl "5400+30"]

1. e4 c5 2. Nf3 a6 3. d4 cxd4 4. Nxd4 Nf6 5. Nc3 e5 6. Nb3 b5 {[%emt 0:02:39] B28: Sicilian: 2 Nf3 a6 (O'Kelly Variation).} (6... Bb4 $11) 7. a3 {[%emt 0:00:21] White is more active.} Bb7 8. Bd3 d5 {[%emt 0:05:34] [#]} (8... Be7 $11) 9. Bg5 $146 ({Predecessor:} 9. exd5 Nxd5 10. Ne4 Nb6 11. O-O N8d7 12. Re1 Be7 13. Qh5 g6 14. Qh6 Bf8 15. Qh3 Bxe4 16. Bxe4 {½-½ (36) Liuviann,C (1756)-Lopez de Anda,E (1598) Penang 2019}) 9... d4 10. Ne2 (10. Nd5 $14) 10... Nbd7 $11 11. Ng3 h6 12. Bd2 Nc5 (12... h5 $15) 13. Nxc5 $14 Bxc5 14. O-O (14. f4 $5 ) 14... g6 15. f4 Qe7 16. fxe5 (16. Qf3 $14) 16... Nd7 $1 $11 (16... Qxe5 17. a4 $16) 17. Bf4 h5 18. Qd2 {[%emt 0:11:06] Threatening Bg5.} (18. b4 $5 Bb6 19. Qf3 $11) 18... h4 19. Ne2 Rh5 20. g4 (20. e6 $5 Qxe6 21. a4 $11) 20... Rh7 (20... hxg3 $5 21. Bxg3 (21. Nxg3 Rh7 $11) 21... Nxe5 $11) 21. h3 Kf8 22. Rf2 (22. Bg5 $14 Qxe5 23. Nf4) 22... Kg8 23. Raf1 (23. a4 $11) 23... Re8 $15 24. Qc1 Nxe5 25. Bg5 Qd7 26. Nf4 {[%emt 0:00:00] [#]} (26. b3 $15) 26... Nc4 $1 $17 {[%emt 0:34:13] aiming for ...Ne3.} 27. b4 Bb6 28. Re1 Ne3 {[%emt 0:00:00] Prevents Nd5.} 29. Ng2 {[%emt 0:00:00][%cal Rg2e3] [#]} Nxg4 30. hxg4 h3 ({Resist} 30... Qxg4 31. Qf4 Qg3 32. Bxh4 Qxf4 33. Rxf4 $16) 31. Nh4 $2 (31. Qf4 $17 {is more resistant.}) 31... Qxg4+ $19 32. Kh1 Rxe4 $2 ({Don't blunder} 32... Rxh4 $2 33. Bxh4 Qxh4 34. Qf4 Qxf4 35. Rxf4 $19) (32... Bc7 $19 {is more deadly.} 33. Nf3 Bg3) 33. Bxe4 $17 Bxe4+ 34. Kh2 (34. Rxe4 $17 Qxe4+ 35. Nf3) 34... Rxh4 35. Qf4 {[%emt 0:02:06] [#] Prevents Bc7.} Qg2+ $3 36. Rxg2 $11 hxg2+ $4 (36... Rxf4 $11 37. Rge2 Rg4 38. Rxe4 Rxg5) 37. Bxh4 {[%emt 0:01:06] Weighted Error Value: White=0.50/Black=0.55} 1-0

[Event "2nd Late Dr Abul K C Chess-ch B 2022"]
[Site "Dhaka"]
[Date "2022.07.05"]
[Round "5.2"]
[White "ariful, Amin"]
[Black "Tutul, Dhar"]
[Result "0-1"]
[ECO "B13"]
[WhiteElo "1868"]
[BlackElo "1945"]
[Annotator "TA"]
[PlyCount "86"]
[EventDate "2022.07.03"]
[EventCountry "BAN"]
[SourceTitle "playchess.com"]
[Source "ChessBase"]
[SourceQuality "1"]
[TimeControl "5400+30"]

1. e4 c6 2. Nf3 d5 3. exd5 cxd5 4. d4 Nf6 5. Bb5+ Bd7 6. Bxd7+ Nbxd7 7. O-O e6 8. Re1 {[%emt 0:00:40] B13: Caro-Kann: Exchange Variation and Panov-Botvinnik Attack.} Be7 9. c3 O-O 10. Bg5 {[%emt 0:00:13] [#] The position is equal.} Rc8 $146 ({Predecessor:} 10... Qc7 11. Nbd2 Bd6 12. h3 h6 13. Bxf6 Nxf6 14. Rc1 b5 15. a3 Bf4 16. Rb1 Nd7 {1-0 (53) Garrido Egido,M-Barrio Garcia,S Gijon 2000}) 11. Nbd2 h6 12. Bh4 b5 13. Qb3 {[%emt 0:04:33] Inhibits b4.} Qb6 14. Ne5 (14. a3 $11) 14... Nxe5 $17 15. Rxe5 Rfe8 16. Bxf6 Bxf6 17. Ree1 (17. Re3 $142) 17... b4 $1 18. Rac1 bxc3 19. bxc3 Qa6 ({Not} 19... Bg5 20. Qc2 $17) (19... Re7 $142 20. Nf3 Rec7) 20. Nf3 Rc7 21. g3 Rec8 22. a4 (22. Kg2 $17) 22... Rc4 $19 23. a5 (23. Kg2 $142) 23... Qxa5 24. Re3 {[%emt 0:01:59] [#]} Bxd4 $1 25. Nxd4 Rxd4 {[%emt 0:00:12][%mdl 64] Pin} 26. Re2 Ra4 27. Qb7 Rac4 28. Qb3 Rxc3 29. Rxc3 Qxc3 {[%emt 1:01:02][%mdl 4096] Endgame KQR-KQR} 30. Qb7 (30. Qxc3 Rxc3 31. Ra2) 30... d4 {[%emt 0:00:00] [#] Hoping for ...d3.} 31. Ra2 a5 32. Rxa5 Qc1+ $2 (32... Qe1+ 33. Kg2 Rc1 34. Ra8+ Kh7) 33. Kg2 Qc6+ 34. Qxc6 Rxc6 {[%emt 0:00:00] KR-KR} 35. Ra8+ (35. h4 {was necessary.}) 35... Kh7 36. Rd8 e5 37. h4 h5 38. Kf3 $2 (38. Rd5 {is the only way for White.} f6 39. f4 Rc2+ 40. Kf1) 38... Kg6 {[%emt 0:00:00] aiming for ...Kf5.} 39. Ke4 f6 {[%emt 0:00:00][%cal Bf7f6,Bf6e5][%mdl 32] Black is clearly winning.} 40. f4 Rc1 41. fxe5 (41. f5+ $142 Kh7 42. Kf3) 41... Re1+ 42. Kf3 fxe5 43. g4 Re3+ {[%emt 0:00:00] Weighted Error Value: White=0.71/Black=0.25 (precise)} 0-1

[Event "2nd Late Dr Abul K C Chess-ch B 2022"]
[Site "Dhaka"]
[Date "2022.07.05"]
[Round "5.3"]
[White "Sarwar, Hossain Ullash"]
[Black "Abdullah Al, Raison"]
[Result "0-1"]
[ECO "D35"]
[WhiteElo "1845"]
[BlackElo "1888"]
[Annotator "NA RC COMBH"]
[PlyCount "37"]
[EventDate "2022.07.03"]
[EventCountry "BAN"]
[SourceTitle "playchess.com"]
[Source "ChessBase"]
[SourceQuality "1"]
[TimeControl "5400+30"]

1. d4 Nf6 2. c4 e6 3. Bg5 d5 4. cxd5 exd5 5. Nc3 Bb4 6. e3 h6 7. Bh4 O-O 8. Bd3 c5 9. dxc5 Nbd7 10. Nge2 Nxc5 11. O-O Nxd3 12. Qxd3 Be7 13. Rfd1 Qb6 14. Qb5 Qxb5 15. Nxb5 Be6 16. Rac1 Rac8 17. Nxa7 Rc3 18. Rc2 Rxc2 19. Rc1 0-1

[Event "2nd Late Dr Abul K C Chess-ch B 2022"]
[Site "Dhaka"]
[Date "2022.07.05"]
[Round "5.4"]
[White "Md, Azmaeen Parvez Sayor"]
[Black "Rahman, Ataur"]
[Result "1-0"]
[ECO "C64"]
[WhiteElo "1924"]
[BlackElo "1996"]
[Annotator "TA"]
[PlyCount "21"]
[EventDate "2022.07.03"]
[EventCountry "BAN"]
[SourceTitle "playchess.com"]
[Source "ChessBase"]
[SourceQuality "1"]
[TimeControl "5400+30"]

1. e4 Nc6 2. Nf3 e5 3. Bb5 Bc5 4. O-O d6 5. c3 Bg4 $2 {[%emt 0:00:00] [#]} (5... a6 $14 6. Bxc6+ bxc6) 6. h3 $2 {[%emt 0:00:37] C64: Ruy Lopez: Classical Defence (3...Bc5) except 4 0-0 Nf6.} (6. d4 $18) 6... Bxf3 $14 7. Qxf3 Qf6 8. Qxf6 Nxf6 {[%emt 0:00:00] [#]} 9. Re1 $146 ({Predecessor:} 9. d3 O-O 10. Bg5 Nd7 11. Nd2 a6 12. Bxc6 bxc6 13. Nb3 d5 14. Nxc5 Nxc5 15. Be7 {1-0 (46) Newrkla,K-Mayer,M Illmitz 2004}) 9... O-O 10. b4 Bb6 11. Na3 {[%emt 0:00:50][%mdl 32768] White got outplayed after the opening.  Weighted Error Value: White=0.89/Black=0.71. Loss on time!?} 1-0

[Event "2nd Late Dr Abul K C Chess-ch B 2022"]
[Site "Dhaka"]
[Date "2022.07.06"]
[Round "6.1"]
[White "Tutul, Dhar"]
[Black "Sajidul, Haque"]
[Result "1-0"]
[ECO "E01"]
[WhiteElo "1945"]
[BlackElo "1875"]
[Annotator "TA"]
[PlyCount "89"]
[EventDate "2022.07.03"]
[EventCountry "BAN"]
[SourceTitle "playchess.com"]
[Source "ChessBase"]
[SourceQuality "1"]
[TimeControl "5400+30"]

1. d4 d5 2. c4 e6 3. g3 c6 4. Bg2 Nf6 5. Nf3 Bd6 6. O-O Nbd7 7. Qc2 b6 {[%emt 0:00:29] E01: Catalan: Early deviations.} 8. b3 {[%emt 0:01:08] Hoping for cxd5.} Bb7 9. Bb2 Qc7 {[%emt 0:02:48] The position is equal.} 10. Nbd2 O-O 11. e4 {[%emt 0:01:57] [#]} (11. Rad1 {feels hotter.} Rad8 12. e4 dxe4 13. Nxe4 Nxe4 14. Qxe4 Rfe8 15. Qd3) 11... e5 $146 (11... dxe4 $11 {remains equal.} 12. Nxe4 Nxe4 13. Qxe4 h6) ({Predecessor:} 11... dxe4 12. Nxe4 Nxe4 13. Qxe4 Rae8 14. Rad1 e5 15. dxe5 Nxe5 16. Nxe5 Bxe5 17. Rfe1 f6 {1-0 (33) Gaehwiler,G (2414)-Duratti,L (2211) Switzerland 2019}) 12. cxd5 $16 cxd5 13. Qxc7 Bxc7 14. Nxe5 Bxe5 15. dxe5 Nxe4 16. Nxe4 dxe4 17. Rfe1 Rac8 18. Bxe4 Bxe4 19. Rxe4 Rc2 {[%emt 0:00:28] Prevents Re2.} 20. Ba3 Rfc8 21. Rd1 $1 Nf8 22. Bxf8 {[%emt 0:00:47] White is more active.} Kxf8 {[%emt 0:00:33][%mdl 4096] Endgame KRR-KRR} 23. Rd7 R8c7 24. Rxc7 Rxc7 {[%emt 0:00:02] KR-KR} 25. Rc4 {[%emt 0:03:09] Inhibits Rc2.} Rd7 26. Kf1 Ke7 27. Ke2 Ke6 28. f4 f6 29. Rc6+ $2 ({White should play} 29. exf6 $16 Kxf6 30. Ke3) 29... Kd5 $11 30. Rc3 {[%emt 0:03:04] aiming for Rd3+.} Re7 (30... fxe5 $11 31. Rd3+ Kc6) 31. Rd3+ Kc6 {[%emt 0:00:19] [#]} (31... Ke6 $16) 32. Ke3 $1 $18 fxe5 {[%emt 0:00:27] [#]} 33. f5 Rd7 $2 (33... a5 34. Ke4 Rf7) 34. Rxd7 Kxd7 {[%emt 0:00:01] KP-KP} 35. Ke4 Kd6 36. b4 b5 37. g4 {[%emt 0:00:20] White mates.} g5 38. fxg6 hxg6 39. h4 Ke6 40. a3 a6 41. h5 gxh5 42. gxh5 Kf6 43. h6 Kg6 44. Kxe5 Kxh6 45. Ke4 {[%emt 0:36:21] Weighted Error Value: White=0.12 (very precise) /Black=0.49} 1-0